 Dungeon Crawl Stone Soup version 0.25.1-2-g60ff931df9 (webtiles) character file.

Game seed: 11962219438437929687

1329 Peloso the Slasher (level 8, -5/62 HPs)
             Began as a Demonspawn Fighter on Aug 22, 2020.
             Killed from afar by a gargoyle (8 damage)
             ... with a stone arrow
             ... on level 6 of the Dungeon.
             The game lasted 00:16:05 (7717 turns).

Peloso the Slasher (Demonspawn Fighter)             Turns: 7717, Time: 00:16:06

Health: -5/62      AC: 24    Str: 18    XL:     8   Next: 34%
Magic:  8/8        EV:  6    Int: 10    God:
Gold:   341        SH: 11    Dex: 13    Spells: 7/7 levels left

rFire    . . .     SeeInvis .   a - +1 long sword
rCold    + . .     Gourm    .   c - +1 kite shield
rNeg     . . .     Faith    .   z - +0 chain mail
rPois    .         Spirit   .   (no helmet)
rElec    .         Reflect  .   g - +0 cloak
rCorr    .         Harm     .   (no gloves)
MR       +....                  (no boots)
Stlth    ..........             (no amulet)
HPRegen  0.20/turn              k - +4 ring of protection
MPRegen  0.11/turn              B - ring of protection from magic

@: mighty, stab, hasted, very quick
A: claws 2, cold resistance 1, icemail, freezing cloud immunity
a: no special abilities


You were on level 6 of the Dungeon.
You were not hungry.

You visited 1 branch of the dungeon, and saw 6 of its levels.
You also visited: Sewer.

You collected 341 gold pieces.

Inventory:

Hand Weapons
 a - a +1 long sword (weapon)
Missiles
 m - 58 bolts
Armour
 c - a +1 kite shield (worn)
 g - a +0 cloak (worn)
 p - a +0 scale mail
 z - a +0 chain mail (worn)
Jewellery
 k - a +4 ring of protection (left claw)
 q - an uncursed ring of stealth
 v - an uncursed ring of protection from fire
 B - a ring of protection from magic (right claw)
Wands
 e - a wand of acid (7)
 E - a wand of paralysis (8)
 H - a wand of iceblast (7)
Scrolls
 b - a scroll of fear
 j - a scroll of remove curse
 l - 2 scrolls of fog {unknown}
 o - 2 scrolls of teleportation
 u - a scroll of magic mapping
 w - 2 scrolls of amnesia {unknown}
 x - a scroll of acquirement {unknown}
 y - a scroll of blinking {unknown}
 C - a scroll of random uselessness {unknown}
 F - a scroll of identify
Potions
 d - a potion of might
 i - 2 potions of brilliance {unknown}
 r - a potion of resistance
 s - a potion of flight {unknown}
 t - 3 potions of invisibility
 A - a potion of berserk rage {unknown}
 D - a potion of magic {unknown}
Comestibles
 f - 13 rations
 G - 8 chunks of flesh


   Skills:
 + Level 5.2 Fighting
 + Level 5.5 Long Blades
 + Level 4.8 Armour
 + Level 1.7 Dodging
 + Level 2.1 Stealth
 + Level 4.9 Shields
 + Level 0.2 Evocations


You had 7 spell levels left.
You didn't know any spells.
Your spell library was empty.

Dungeon Overview and Level Annotations

Branches:
Dungeon (6/15)              Sewer (visited)
 Temple: D:4-7

Altars:
Cheibriados
Nemelex Xobeh
Sif Muna
Uskayaw
Vehumet
Xom

Shops:
D:5 :


Innate Abilities, Weirdness & Mutations

You have very sharp fingernails.
Your flesh is cold resistant. (rC+)
A meltable icy envelope protects you from harm. (AC +10)
You are immune to freezing clouds.


Message History

The gargoyle is moderately damaged.
You block the gargoyle's attack.
You hit the gargoyle but do no damage.
The gargoyle is lightly damaged.
The gargoyle hurls a stone arrow at you.
The stone arrow hits you.
* * * LOW HITPOINT WARNING * * *
You hit the gargoyle.
The gargoyle is moderately damaged.
You block the gargoyle's attack.
You hit the gargoyle but do no damage.
The gargoyle is moderately damaged.
The gargoyle hurls a stone arrow at you.
The stone arrow hits you!
* * * LOW HITPOINT WARNING * * *
You feel yourself speed up.
The gargoyle hits you but does no damage.
The gargoyle hurls a stone arrow at you.
The stone arrow hits you!
You die...

########....##
##....# #..#.##
###..#..# ....##.#
####..#(#
#.......#
#.###.#.##########
#...9.@.......
#...##########
#...########
#.#.........
#.#..######.
#.#... #.#....
#..>.. #......


You could see a gargoyle.

Vanquished Creatures
  Grinder (D:5)
  A sky beast (D:4)
  An ogre (D:4)
  2 bullfrogs
  A scorpion (D:5)
  A howler monkey (D:4)
  A crimson imp (D:6)
  2 hounds
  An orc priest (D:3)
  A centaur skeleton (D:4)
  4 orc wizards
  5 worker ants
  4 gnolls
  7 adders
  A shadow imp (D:5)
  9 oozes
  An adder skeleton (D:6)
  4 worms
  3 dart slugs
  6 leopard geckos
  13 orcs
  2 bats
  16 giant cockroaches
  18 goblins
  8 hobgoblins
  8 jackals
  8 kobolds
  2 quokkas
  17 ball pythons
  23 frilled lizards
  A leopard gecko skeleton (D:4)
  A quokka skeleton (D:3)
  7 rats
180 creatures vanquished.

Notes
Turn   | Place    | Note
-------+----------+-------------------------------------------
     0 | D:1      | Peloso the Demonspawn Fighter began the quest for the Orb.
     0 | D:1      | Reached XP level 1. HP: 18/18 MP: 1/1
   299 | D:1      | Gained mutation: Your flesh is cold resistant. (rC+)
                  | [demonic ancestry]
   299 | D:1      | Reached XP level 2. HP: 19/24 MP: 2/2
   619 | D:1      | You fall into a shaft and drop 1 floor!
   799 | D:2      | Gained mutation: You have sharp fingernails. [demonic
                  | ancestry]
   799 | D:2      | Reached XP level 3. HP: 29/29 MP: 3/3
  1967 | D:1      | Reached XP level 4. HP: 30/35 MP: 4/4
  2467 | D:3      | Found a sparkling altar of Nemelex Xobeh.
  2670 | D:3      | Reached XP level 5. HP: 25/41 MP: 5/5
  2840 | D:3      | Found a glowing drain.
  2849 | Sewer    | Entered a sewer
  3490 | Sewer    | Reached skill level 1 in Dodging
  3586 | Sewer    | Gained mutation: You are immune to freezing clouds.
                  | [demonic ancestry]
  3586 | Sewer    | Reached XP level 6. HP: 33/48 MP: 6/6
  3799 | D:3      | Found a snail-covered altar of Cheibriados.
  3947 | D:3      | Found a shimmering altar of Xom.
  4421 | D:4      | Noticed a sky beast
  4462 | D:4      | Killed a sky beast
  4738 | D:4      | Found a radiant altar of Vehumet.
  4774 | D:4      | Gained mutation: You have very sharp fingernails. [demonic
                  | ancestry]
  4774 | D:4      | Reached XP level 7. HP: 49/54 MP: 7/7
  5325 | D:4      | Found a hide-covered altar of Uskayaw.
  5768 | D:4      | Reached skill level 1 in Stealth
  5944 | D:5      | Entered Level 5 of the Dungeon
  6676 | D:5      | Found Zohe's Book Emporium.
  6921 | D:5      | Reached skill level 5 in Long Blades
  7090 | D:5      | Noticed Grinder
  7100 | D:5      | Killed Grinder
  7100 | D:5      | Reached skill level 5 in Fighting
  7100 | D:5      | Gained mutation: A meltable icy envelope protects you from
                  | harm. (AC +10) [demonic ancestry]
  7100 | D:5      | Reached XP level 8. HP: 62/62 MP: 8/8
  7230 | D:5      | Found a shimmering blue altar of Sif Muna.
  7685 | D:6      | Noticed a gargoyle
  7715 | D:6      | HP: 3/62 [gargoyle/stone arrow (11)]
  7717 | D:6      | Killed from afar by a gargoyle

Illustrated notes

Levels and vault maps discovered:
D:1:      minmay_arrival_five_plusses, layout_basic,
          chequers_serial_rivers_small_b, minmay_misc_feat_encased, st_stairs_5
D:2:      wad_river_or_something, layout_basic
D:3:      layout_basic, kennysheep_slug_shrine, lemuel_round_altar,
          old_standard_altar, portal_sewer_entry_d,
          hangedman_abyss_or_decor_lesser_grid
D:4:      layout_basic, eat_drink_and_be_merry_uskayaw, old_standard_altar,
          feat_on_display
D:5:      layout_layer_cave, marbit_many_paths, serial_shops,
          kennysheep_mini_moat, first_ration, uniq_grinder
D:6:      layout_basic, lemuel_crystal_altar, fedhas_altar_1,
          minmay_temple_entry_statues_fountains, basic_altar

Skill      XL: |  1  2  3  4  5  6  7  8 |
---------------+-------------------------+-----
Armour         | 3 4 |  4.8
Long Blades    | 2 3 4 5 |  5.5
Shields        | 3 4 |  4.9
Dodging        | 1 |  1.7
Fighting       | 4 5 |  5.2
Stealth        | 1 2 |  2.1
Evocations     | |  0.2

Action                   |  1- 3 |  4- 6 |  7- 9 || total
-------------------------+-------+-------+-------++-------
Melee: Long sword        |   164 |   339 |   227 ||   730
Evoke: Wand              |       |     1 |     3 ||     4
  Use: Potion            |     1 |       |     6 ||     7
       Scroll            |     5 |     4 |     1 ||    10
 Stab: Paralysed         |       |       |     6 ||     6
  Eat: Chunk             |     4 |     8 |     8 ||    20
       Ration            |       |       |     1 ||     1
Armor: Scale mail        |    87 |   238 |    63 ||   388
       Chain mail        |       |       |    30 ||    30
Dodge: Dodged            |    53 |   117 |    59 ||   229
Block: Kite shield       |   112 |   195 |   132 ||   439
       Rpst.: Long sword |    18 |    35 |    17 ||    70
